AoeStats
← kingofkings

Black Forest

510136334Analyzed
4v4 RM · 3d ago on Sep 29, 2026· 5m 28s· 8 players
Game mode
Random Map
Map size
Large (8 player)
Population
200
Speed
Normal
Resources
Standard
Victory
Conquest
Starting age
Dark Age
Ending age
Imperial Age
RankedLock teamsTeams togetherTeam positionsShared explorationLock speedFull tech treeHidden civsTurbo modeCheats
Victory
Defeat
🇲🇽 Vikings · Mexico
1139
+14
🇮🇳 Goths · India
1115
+15
🇹🇼 Koreans · Taiwan
1061
+17
🇹🇼 Britons · Taiwan
1056
+17
🇹🇼 Bohemians · Taiwan
1119
-17
🇨🇳 Ethiopians · China
1096
-16
🇹🇼 Mongols · Taiwan
1085
-16
1050
-14
king vitt
0:30 Loom
:D:D:D:D
0:28 Loom
LOUIS文
0:38 Loom
[WS2] Wanjia Squad YT
2:11 Loom
Monkidz
3:10 Loom
kukucdenss
0:29 Loom
oscabar85
0:29 Loom
kingofkings
0:27 Loom
Connection lost

Rejoining the realm…

Still unreachable

The connection could not be restored.

Session expired

The server has moved on; the page needs a fresh start.